woodfighter, chaotic female human Barbarian ----------- |.........| |.........| |.........-# --+--.---.-# # ### ## #@######## # -----.- ####+.%%.%%| ---------- # # |....... |........| ### #%....%..| |...{....| # ------.- |....<...-## ---------- woodfighter the Brigand Experience level: 11 Strength: 18/03 Dexterity: 17 Constitution: 17 Intelligence: 7 Wisdom: 7 Charisma: 6 Health: 0(104) Energy: 26(26) Def: 13 Gold: 371 Moves: 11972 Dungeon seed: tOR1n859NJLEjyIC Game ID: woodfighter_1568056030 Your Inventory: Coins $ - 371 gold pieces Weapons a - a +0 battle-axe (weapon in hands) w - a +0 elven dagger (alternate weapon; not wielded) T - 5 +0 daggers (in quiver) Armor f - a blessed +1 orcish helm (being worn) r - an uncursed thoroughly rusty +0 pair of iron shoes (being worn) z - an uncursed +0 elven mithril-coat (being worn) N - a blessed burnt +2 dwarvish cloak (being worn) Y - an uncursed +0 pair of leather gloves Comestibles c - 6 uncursed food rations K - an uncursed magic bean Z - an uncursed lizard corpse Rings n - an uncursed ring of fire resistance (on left hand) p - an uncursed ring of teleport control (on right hand) Wands d - a wand of digging (0:6) g - a wand of lightning (0:7) D - a wand of magic missile (0:0) G - a wand of striking (0:2) Tools o - an uncursed oil lamp (0:655) s - an uncursed bag of holding y - an uncursed skeleton key Gems q - an uncursed luckstone Contents of the bag of holding: 1990 gold pieces 2 uncursed [+0] elven daggers a [cursed] [+1] elven dagger a [uncursed] [+0] mummy wrapping a [uncursed] [+0] pair of elven boots a [uncursed] K-ration an uncursed scroll of enchant armor an uncursed scroll of identify an uncursed scroll of stinking cloud an uncursed scroll of teleportation an uncursed scroll of water an uncursed spellbook of magic missile a [uncursed] spellbook of sleep an uncursed potion of acid an uncursed potion of booze an uncursed potion of gain energy a blessed potion of object detection an uncursed potion of object detection an uncursed potion of paralysis an uncursed potion of sleeping an uncursed ring of conflict an uncursed wand of digging [0:7] an uncursed wand of undead turning [0:7] an uncursed bugle an uncursed [+0] pick-axe an uncursed worthless piece of orange glass an uncursed worthless piece of violet glass 3 uncursed worthless pieces of white glass Spells and supernatural/magical abilities: Name Level Category Fail Memory B - cure blindness 2 healing 100% 86% W - pray for help -- divine ? -- Your skills at the end: Miscellaneous Skills bare handed combat [Basic] Weapon Skills axe [Master] short sword [Basic] Spellcasting Skills Final Attributes: You were piously aligned. You were fire resistant. You were cold resistant. You were poison resistant. Your writing hand was ok. You were telepathic. You had teleport control. You were protected. You were fast. You were lucky. You had extra luck. Bad luck did not time out for you. Good luck did not time out for you. You are dead. You faced a greater challenge. Vanquished creatures: a clay golem 2 ghosts 2 lieutenants a queen bee 3 giant mimics an Elvenking a flesh golem a doppelganger a long worm an air elemental a fire elemental an earth elemental a water elemental a black naga 3 wargs 4 quantum mechanics a small mimic a glass piercer 2 warhorses 2 xans an ettin mummy a sasquatch a wood golem a pyrolisk a large dog 3 freezing spheres a shocking sphere a tiger a gelatinous cube a crocodile 2 giants a human mummy a red naga 4 Grey-elves 2 wraiths an ettin zombie 3 leather golems a succubus 5 giant beetles a cockatrice a winter wolf cub a black light 4 leprechauns 2 quivering blobs a lizard an orc-captain a giant spider an iron piercer 2 horses an ice vortex a vampire bat 7 gnome kings 2 dwarf mummies 2 brown puddings a rust monster 2 gold golems a werewolf 2 dingos a jaguar 2 blue jellies a water nymph a dust vortex 2 ravens 4 plains centaurs a snake 2 human zombies a rope golem a soldier ant 3 fire ants a yellow light 8 bugbears 5 wood nymphs 12 Mordor orcs an Uruk-hai 12 orc shamans a rock mole 2 rock piercers a pony 3 fog clouds 2 violet fungi 12 gnome lords 2 gnomish wizards 3 elf zombies 3 ghouls 3 paper golems 5 giant ants 2 puppies 2 floating eyes a kitten 16 dwarves a homunculus 4 kobold lords a kobold shaman 2 iguanas 26 hill orcs 6 rothes a centipede 2 jitterbugs a giant bat 4 orc zombies 7 dwarf zombies a wererat 8 killer bees 3 gas spores 5 hobbits 3 acid blobs 3 large kobolds 3 geckos 15 hobgoblins 6 giant rats 10 cave spiders a brown mold 2 yellow molds 2 green molds a red mold 55 gnomes 4 garter snakes 4 manes 4 jackals 2 foxes 7 newts 10 goblins 5 sewer rats 7 grid bugs 7 bats 6 lichens 2 kobold zombies 444 creatures vanquished. Voluntary challenges: You were not invisible. You did not have reflection. You were not displaced. You used a wielded weapon 684 times, starting on turn 3. You did not apply a unicorn horn. You did not use plumbed fixtures. You did not drink any magical draughts. You read items or engraved 6 times, starting on turn 3535. You never genocided any monsters. You never polymorphed an object. You never changed form. You cheated 1 time but completed Sokoban on turn 6088. You used no wishes. You never split a pudding. You never wrote Elbereth's name. You never violated your personal moral code. Dungeon overview: The Dungeons of Doom: levels 1 to 15 Level 1 a long staircase Level 2 (water) a scroll shop stairs to The Gnomish Mines Level 3 a scroll shop Level 4 (eye) a scroll shop, an altar to Crom, a sink Level 5 (vault) a general store, a fountain, a sink Level 6 (water) a fountain Level 7 (eye # vault) some fountains Level 8 many fountains Level 9 (boxes) stairs to Sokoban Level 10 a fountain Level 11 some fountains Level 12 some fountains Level 13 (water) an altar to Mitra, some fountains Level 14 a fountain Level 15 <- You were here a fountain The Gnomish Mines: levels 3 to 10 Level 3 stairs to The Dungeons of Doom Level 4 Level 5 Level 6 many shops, a temple to Set, a magic chest, some fountains Level 7 Level 8 Level 9 Level 10 many altars to Moloch, a magic chest, some fountains Sokoban: levels 5 to 8 Level 5 a magic chest Level 6 Level 7 Level 8 an altar to Moloch, a magic chest stairs to The Dungeons of Doom History has recorded: On T:1 you entered the Dungeons of Doom to retrieve the Amulet of Yendor! On T:365 you reached level 2 of The Dungeons of Doom. On T:493 you reached level 3 of The Dungeons of Doom. On T:499 you advanced to experience level 2. On T:576 you reached level 1 of The Gnomish Mines. On T:774 you reached level 4 of The Dungeons of Doom. On T:859 you advanced to experience level 3. On T:1484 you advanced to experience level 4. On T:1535 you reached level 5 of The Dungeons of Doom. On T:2007 you reached level 6 of The Dungeons of Doom. On T:2158 you reached level 7 of The Dungeons of Doom. On T:2204 you advanced to experience level 5. On T:2667 you reached level 8 of The Dungeons of Doom. On T:2733 you advanced to experience level 6. On T:2983 you reached level 9 of The Dungeons of Doom. On T:3177 you advanced to experience level 7. On T:3515 you reached level 4 of Sokoban. On T:3534 you opened a magic chest. On T:3806 you reached level 3 of Sokoban. On T:4091 you reached level 2 of Sokoban. On T:4387 you reached level 1 of Sokoban. On T:4456 you advanced to experience level 8. On T:4761 you reached level 10 of The Dungeons of Doom. On T:5044 you reached level 2 of The Gnomish Mines. On T:5050 you reached level 3 of The Gnomish Mines. On T:6088 you entered the Sokoban zoo. On T:6976 you reached level 4 of The Gnomish Mines. On T:7257 you entered the Minetown temple On T:7469 you reached level 5 of The Gnomish Mines. On T:7565 you advanced to experience level 9. On T:7680 you reached level 6 of The Gnomish Mines. On T:8028 you reached level 7 of The Gnomish Mines. On T:8134 you prayed to Set. On T:8180 you reached level 8 of The Gnomish Mines. On T:8180 you reached the bottom of the Mines. On T:8429 you prayed to Set. On T:9964 you advanced to experience level 10. On T:10549 you reached level 11 of The Dungeons of Doom. On T:10753 you reached level 12 of The Dungeons of Doom. On T:11030 you reached level 13 of The Dungeons of Doom. On T:11072 you advanced to experience level 11. On T:11363 you reached level 14 of The Dungeons of Doom. On T:11633 you prayed to Set. On T:11737 you reached level 15 of The Dungeons of Doom. Score breakdown: Gold: 2361 ( 236 points) Experience: 11 levels ( 1000 points) Exploration: 15 levels ( 420 points) Discoveries: 45 items ( 2000 points) Variety of kills: 127 monsters ( 2000 points) Major goal: Sokoban/Mines ( 1500 points) Survival: died (score multiplied by 6) Total score: 42936 Latest messages: D - an uncursed wand of magic missile. G - an uncursed wand of striking. The mind flayer zaps a wand of magic missile! The magic missile hits you! The magic missile bounces! You swing your battle-axe in a tremendous arc. You kill the killer bee! You hear a nearby zap. The magic missile hits you! The magic missile hits it. (2x) You hear a nearby zap. The magic missile whizzes by you! The magic missile hits it. (4x) You hear a nearby zap. The magic missile hits you! The magic missile hits it. (2x) You hear a mind flayer reading a scroll of create monster. You feel an absence of magical power. The wand hits it. Something resists! You hear a nearby zap. The magic missile hits you! You die... Final status: Goodbye woodfighter the Barbarian, killed by a magic missile... You died in The Dungeons of Doom on dungeon level 15 with 42936 points, and 2361 pieces of gold, after 11972 moves. You were level 11 with a maximum of 104 hit points when you died.